 Dungeon Crawl Stone Soup version 0.26-a0-639-g72c4674329 (webtiles) character file.

Game seed: 1414505913796047399

64138 DogServant the Destroyer (level 15, 0/138 HPs)
             Began as a Gargoyle Conjurer on Sept 16, 2020.
             Was a High Priest of Vehumet.
             Hit by a javelin thrown by a merfolk javelineer (4 damage)
             ... on level 2 of the Shoals.
             The game lasted 01:59:43 (30344 turns).

DogServant the Destroyer (Gargoyle Conjurer)       Turns: 30344, Time: 01:59:43

Health: 0/138      AC: 27    Str: 11    XL:     15   Next: 12%
Magic:  26/40      EV:  2    Int: 25    God:    Vehumet [*****.]
Gold:   271        SH:  0    Dex:  8    Spells: 4/39 levels left

rFire    . . .     SeeInvis .   C - staff of air
rCold    . . .     Faith    .   L - +0 buckler
rNeg     + + +     Spirit   .   (armour currently unavailable)
rPois    ∞         Reflect  .   (helmet currently unavailable)
rElec    +         Harm     .   (cloak currently unavailable)
rCorr    .         Rampage  .   (gloves currently unavailable)
MR       ++...     NoTele   +   (boots currently unavailable)
Stlth    +.........             R - amulet of magic regeneration
HPRegen  0.33/turn              f - ring of the Fiend {rN+ MR+ MP+9}
MPRegen  0.52/turn              M - ring of wizardry

@: confused, tree-form, invisible
A: negative energy resistance 1, petrification resistance, rot immunity, AC +11
a: Renounce Religion


You were on level 2 of the Shoals.
You worshipped Vehumet.
Vehumet was extremely pleased with you.
You were a tree.
You visited 5 branches of the dungeon, and saw 22 of its levels.
You also visited: Sewer.

You collected 1763 gold pieces.
You spent 1492 gold pieces at shops.

Inventory:

Hand Weapons
 s - a +4 dagger of protection
 z - a +4 vorpal whip
Armour
 j - a +1 troll leather armour (melded)
 q - a scarf of repulsion (melded)
 v - a +1 hat (melded)
 F - a +0 pair of gloves (melded)
 L - a +0 buckler (worn)
Magical Staves
 C - an uncursed staff of air (weapon)
Jewellery
 f - the ring of the Fiend (left branch) {rN+ MR+ MP+9}
   (You acquired it on level 10 of the Dungeon)

   [ring of positive energy]

   It protects you from negative energy.
   It affects your resistance to hostile enchantments.
   It affects your magic capacity (+9).
 i - an uncursed ring of protection from cold
 J - an uncursed ring of ice
 M - a ring of wizardry (right branch)
 O - an uncursed ring of resist corrosion
 R - an amulet of magic regeneration (around neck)
Wands
 g - a wand of iceblast (9)
 A - a wand of flame (60)
Scrolls
 a - 6 scrolls of remove curse
 b - 2 scrolls of identify
 h - 4 scrolls of magic mapping
 k - 8 scrolls of enchant weapon
 B - a scroll of teleportation
 E - 4 scrolls of amnesia
 K - a scroll of summoning
Potions
 d - 4 potions of brilliance
 l - 7 potions of curing
 m - 3 potions of cancellation
 n - 6 potions of might
 p - 2 potions of mutation
 t - 2 potions of resistance
 u - a potion of stabbing
 x - 2 potions of magic
 N - 2 potions of haste
 Q - 5 potions of ambrosia


   Skills:
 * Level 10.1 Fighting
 + Level 7.6 Armour
 + Level 3.0 Dodging
 - Level 2.1 Stealth
 - Level 5.5 Shields
 - Level 12.6 Spellcasting
 + Level 13.3 Conjurations
 - Level 6.1 Hexes
 + Level 9.4 Fire Magic
 - Level 6.7 Ice Magic
 + Level 2.3 Air Magic
 - Level 4.6 Earth Magic


You had 4 spell levels left.
You knew the following spells:

 Your Spells              Type           Power        Failure   Level
a - Magic Dart            Conj           ####         0%          1
b - Searing Ray           Conj           ######       0%          2
c - Dazzling Flash        Conj/Hex       ######       1%          3
e - Fulminant Prism       Conj/Hex       ######....   1%          4
f - Frozen Ramparts       Ice            #####.       1%          3
g - Bolt of Magma         Conj/Fire/Erth ######....   1%          5
h - Orb of Destruction    Conj           ######....   1%          7
i - Iskenderun's Battles  Conj           ######..     1%          5
j - Lightning Bolt        Conj/Air       ######....   1%          5

Your spell library contained the following spells:

 Spells                   Type           Power        Failure   Level
 Starburst                Conj/Fire      ######....   1%          6
 Corona                   Hex            #####..      1%          1
 Foxfire                  Conj/Fire      ####         1%          1
 Ensorcelled Hibernation  Hex/Ice        #####.       1%          2
 Confusing Touch          Hex            #####...     1%          3
 Tukima's Dance           Hex            #####...     1%          3
 Cause Fear               Hex            #####.....   1%          4
 Iskenderun's Mystic Bla  Conj/Tloc      #####...     1%          4
 Iron Shot                Conj/Erth      ######....   1%          6
 Spellforged Servitor     Conj/Summ      #####.....   21%         7
 Dragon Form              Tmut           ###.......   100%        7
 Dragon's Call            Summ           ###.......   100%        9


Dungeon Overview and Level Annotations

Branches:
Dungeon (11/15)            Temple (1/1) D:4            Lair (6/6) D:8
 Shoals (2/4) Lair:2       Spider (0/4) Lair:3        Slime (0/5) Lair:6
    Orc (2/2) D:11            Elf (0/3) Orc:2         Sewer (visited)

Altars:
Ashenzari
Cheibriados
Dithmenos
Elyvilon
Fedhas
Gozag
Hepliaklqana
Kikubaaqudgha
Makhleb
Nemelex Xobeh
Okawaru
Qazlal
Ru
Sif Muna
Trog
Uskayaw
Vehumet
Wu Jian
Xom
Yredelemnul
Zin
The Shining One
Beogh

Shops:
Orc:2 :[=([

Annotations:
Shoals:2 Ilsuiw


Innate Abilities, Weirdness & Mutations

You are resistant to torment.
((Your stone body is resilient. (AC +11)))
You are immune to poison.
((Your large and strong wings let you fly indefinitely.))
You resist negative energy. (rN+)
((You are resistant to electric shocks. (rElec)))
((You can survive without breathing.))
You are immune to petrification.
You are immune to rotting.


Message History

The silver sears you!
* * * LOW HITPOINT WARNING * * *
Unknown command.
You're too confused to cast spells.
You fade into invisibility!
The merfolk javelineer throws a javelin.
The javelin pierces through the hippogriff!!
The javelin pierces through you!!
* * * LOW HITPOINT WARNING * * *
The merfolk siren chants a haunting song.
You resist with some effort.
The merfolk javelineer hits you but does no damage.
Something completely misses you.
The merfolk javelineer throws a silver javelin.
The silver javelin pierces through you but does no damage.
The silver sears you!
* * * LOW HITPOINT WARNING * * *
The merfolk javelineer throws a javelin.
The javelin pierces through you.
You die...

≈≈≈≈≈≈≈ ≈≈m≈≈≈≈≈≈≈(≈≈....
≈≈≈≈≈≈≈≈≈≈≈≈≈...≈≈≈≈.....
≈≈≈≈≈≈.#.≈≈≈≈.#.≈≈≈≈≈....
≈?.....#..≈?...≈≈≈≈≈<....
≈...............≈≈≈≈≈....
.≈≈≈≈.../EkE......≈≈≈≈≈.#
≈≈≈≈≈..(m{mm###....≈≈≈≈##
≈....##mm.H.###........#
### ####♣(.# #.(## .*.#
..(.# #..### ..# ..# ..#


You could see 4 merfolk javelineers, a wind drake (repels missiles), a
hippogriff, 2 water elementals, a merfolk siren and a friendly battlesphere.

Vanquished Creatures
  Gastronok (Lair:2)
  An orc warlord (Orc:2)
  2 merfolk impalers (Shoals:1)
  An ice dragon (Lair:6)
  3 hydras
  A merfolk avatar (Shoals:1)
  A merfolk aquamancer (Shoals:1)
  A two-headed ogre (D:11)
  The ghost of Colgate the Thrower, a novice TrAK of Lugonu (D:8)
  2 orc high priests (Orc:2)
  Sonja (Lair:5)
  3 sea snakes
  An unseen horror (D:10)
  2 orc knights (Orc:2)
  2 lindwurms (Lair:6)
  An orb spider (Lair:3)
  An oklob plant (Shoals:1)
  3 fauns (Shoals:1)
  An orc sorcerer (Orc:2)
  2 manticores (Shoals:1)
  9 elephants (Lair:4)
  4 merfolk sirens
  4 black mambas
  2 water nymphs (Shoals:1)
  11 cane toads
  2 gargoyles (D:10)
  5 torpor snails (Lair:6)
  A kobold demonologist (D:11)
  8 komodo dragons
  5 rime drakes
  6 merfolk
  3 meliai (Lair:4)
  7 trolls
  5 hornets
  A queen bee (Lair:4)
  9 polar bears (Lair:6)
  3 tyrant leeches (Lair:6)
  A dream sheep (Lair:6)
  15 blink frogs
  2 raiju (Lair:6)
  6 hippogriffs
  2 wraiths
  3 wyverns
  3 water elementals (Shoals:1)
  17 yaks
  2 basilisks
  5 steam dragons (Lair:5)
  6 wargs
  6 water moccasins
  15 hell hounds (Lair:6)
  7 porcupines
  5 sky beasts
  31 orc warriors
  3 phantoms
  13 black bears
  3 eyes of draining
  19 wolves
  3 centaurs
  4 ogres
  7 crocodiles
  A big kobold (Sewer)
  15 bullfrogs
  A wyvern zombie (D:11)
  3 scorpions
  21 killer bees (Lair:4)
  3 wights (D:10)
  5 howler monkeys
  3 bullfrog zombies
  5 jellies (Lair:6)
  A gnoll shaman (D:8)
  15 orc priests
  2 bullfrog skeletons
  4 hounds
  2 centaur skeletons
  A worker ant (D:4)
  6 iguanas
  22 orc wizards
  16 adders
  7 gnolls
  A river rat (D:5)
  4 shadow imps
  3 white imps
  An ufetubus (D:10)
  4 oozes
  An adder zombie (D:7)
  5 worms
  4 dart slugs
  6 leopard geckos
  77 orcs
  4 ball pythons
  5 giant cockroaches
  7 goblins
  10 hobgoblins
  11 jackals
  6 quokkas
  9 bats
  2 frilled lizards
  22 kobolds
  A leopard gecko zombie (D:8)
  11 rats
  12 fulminant prisms
633 creatures vanquished.

Vanquished Creatures (others)
  3 wolves (Lair:6)
  21 fulminant prisms
  54 fungi
  97 plants
175 creatures vanquished.

Grand Total: 808 creatures vanquished

Notes
Turn   | Place    | Note
-------+----------+-------------------------------------------
     0 | D:1      | DogServant the Gargoyle Conjurer began the quest for the
                  | Orb.
     0 | D:1      | Reached XP level 1. HP: 10/10 MP: 3/3
   262 | D:1      | Reached XP level 2. HP: 14/15 MP: 3/5
   922 | D:1      | Reached XP level 3. HP: 19/19 MP: 0/6
  1212 | D:2      | Reached skill level 5 in Conjurations
  1258 | D:2      | Found a basalt altar of Yredelemnul.
  1578 | D:1      | Learned a level 2 spell: Searing Ray
  1863 | D:2      | Reached XP level 4. HP: 24/24 MP: 5/8
  1904 | D:2      | Found a hazy altar of Hepliaklqana.
  3113 | D:3      | Reached XP level 5. HP: 24/28 MP: 10/10
  3754 | D:4      | Reached skill level 6 in Conjurations
  4290 | D:4      | Reached XP level 6. HP: 32/32 MP: 2/12
  4505 | D:4      | Found a staircase to the Ecumenical Temple.
  4514 | Temple   | Entered the Ecumenical Temple
  5308 | D:4      | Noticed a phantom
  5345 | D:4      | Killed a phantom
  5345 | D:4      | Reached skill level 5 in Spellcasting
  5345 | D:4      | Reached skill level 7 in Conjurations
  5345 | D:4      | Reached XP level 7. HP: 34/36 MP: 0/14
  5595 | D:5      | Entered Level 5 of the Dungeon
  5599 | D:5      | Found a radiant altar of Vehumet.
  5607 | D:5      | Became a worshipper of Vehumet
  5706 | D:5      | Found a glowing drain.
  5735 | Sewer    | Entered a sewer
  5967 | Sewer    | Reached * piety under Vehumet
  5967 | Sewer    | Offered knowledge of Sandblast by Vehumet.
  6409 | D:5      | You fall into a shaft and drop 1 floor!
  6419 | D:6      | Reached skill level 8 in Conjurations
  6600 | D:6      | Reached XP level 8. HP: 41/41 MP: 10/16
  6641 | D:6      | Reached skill level 1 in Fighting
  7526 | D:6      | Learned a level 3 spell: Dazzling Flash
  7677 | D:7      | Offered knowledge of Shock by Vehumet.
  7677 | D:7      | Reached skill level 1 in Armour
  7840 | D:7      | Reached ** piety under Vehumet
  7995 | D:7      | Reached skill level 9 in Conjurations
  8359 | D:7      | Noticed a wraith
  8370 | D:7      | Killed a wraith
  8370 | D:7      | Reached XP level 9. HP: 49/52 MP: 8/19
  8931 | D:8      | Noticed a hornet
  9024 | D:8      | Killed a hornet
  9551 | D:8      | Reached skill level 5 in Fighting
  9756 | D:8      | Found a runed translucent door.
  9762 | D:8      | Noticed Colgate's ghost (novice TrAK)
  9778 | D:8      | Reached skill level 10 in Conjurations
  9951 | D:8      | Found an ancient bone altar of Kikubaaqudgha.
  9951 | D:8      | Found a shadowy altar of Dithmenos.
  9959 | D:8      | Reached skill level 5 in Armour
  9959 | D:8      | Reached XP level 10. HP: 60/60 MP: 16/21
 10006 | D:8      | Learned a level 2 spell: Ensorcelled Hibernation
 10022 | D:8      | Killed Colgate's ghost
 10129 | D:8      | Offered knowledge of Mephitic Cloud by Vehumet.
 10489 | D:8      | Found a staircase to the Lair.
 10743 | D:9      | Reached *** piety under Vehumet
 10743 | D:9      | Reached skill level 1 in Ice Magic
 10836 | D:9      | Reached skill level 1 in Hexes
 11353 | D:9      | Learned a level 4 spell: Fulminant Prism
 12023 | D:10     | Entered Level 10 of the Dungeon
 12113 | Lair:1   | Entered Level 1 of the Lair of Beasts
 12113 | Lair:1   | Noticed a black mamba
 12120 | Lair:1   | Killed a black mamba
 12120 | Lair:1   | Offered knowledge of Frozen Ramparts by Vehumet.
 12125 | Lair:1   | Learned a level 3 spell: Frozen Ramparts
 12301 | Lair:1   | Noticed a cane toad
 12307 | Lair:1   | Noticed a cane toad
 12308 | Lair:1   | Killed a cane toad
 12308 | Lair:1   | Reached XP level 11. HP: 68/68 MP: 6/24
 12804 | Lair:1   | Noticed a seven-headed hydra
 13019 | Lair:1   | Killed a seven-headed hydra
 13274 | Lair:1   | Reached skill level 5 in Ice Magic
 13430 | Lair:1   | Learned a level 5 spell: Bolt of Magma
 13438 | Lair:1   | Learned a level 7 spell: Orb of Destruction
 13469 | Lair:2   | Noticed Gastronok
 13478 | Lair:2   | Reached **** piety under Vehumet
 13563 | Lair:2   | Killed Gastronok
 13563 | Lair:2   | Offered knowledge of Ignite Poison by Vehumet.
 13563 | Lair:2   | Reached skill level 10 in Spellcasting
 13563 | Lair:2   | Reached skill level 5 in Hexes
 13651 | Lair:2   | Found a staircase to the Shoals.
 13683 | Lair:2   | Reached XP level 12. HP: 75/75 MP: 11/26
 14164 | Lair:2   | Reached skill level 1 in Shields
 14557 | Lair:2   | Reached skill level 1 in Fire Magic
 15152 | Lair:3   | Found a hole to the Spider Nest.
 16049 | Lair:4   | Noticed a four-headed hydra
 16061 | Lair:4   | Killed a four-headed hydra
 16373 | Lair:4   | Reached skill level 5 in Shields
 16373 | Lair:4   | Reached skill level 11 in Conjurations
 17089 | Lair:4   | Reached ***** piety under Vehumet
 17089 | Lair:4   | Offered knowledge of Freezing Cloud by Vehumet.
 17404 | Lair:4   | Reached XP level 13. HP: 80/80 MP: 19/27
 17433 | Lair:4   | Learned a level 5 spell: Iskenderun's Battlesphere
 17736 | Lair:4   | Reached skill level 1 in Earth Magic
 17757 | Lair:4   | Reached skill level 5 in Fire Magic
 19414 | Lair:5   | Noticed Sonja
 19422 | Lair:5   | Killed Sonja
 19423 | Lair:5   | You fall into a shaft and drop 1 floor!
 19423 | Lair:6   | Entered Level 6 of the Lair of Beasts
 20764 | Lair:6   | Offered knowledge of Lightning Bolt by Vehumet.
 21438 | Lair:6   | Found a runed translucent door.
 21439 | Lair:6   | Noticed an ice dragon
 21501 | Lair:6   | Killed an ice dragon
 21686 | Lair:6   | Reached skill level 12 in Conjurations
 22061 | Lair:6   | Gained mutation: Your large and strong wings let you fly
                  | indefinitely. [Gargoyle growth]
 22061 | Lair:6   | Reached XP level 14. HP: 79/84 MP: 5/30
 22377 | Lair:6   | Found a staircase to the Slime Pits.
 25480 | D:10     | Learned a level 5 spell: Lightning Bolt
 25638 | D:10     | Identified a scroll of acquirement
 25638 | D:10     | Acquired the ring of the Fiend {rN+ MR+ MP+9}
 26752 | D:11     | Found a staircase to the Orcish Mines.
 26795 | Orc:1    | Entered Level 1 of the Orcish Mines
 27367 | Orc:2    | Entered Level 2 of the Orcish Mines
 27770 | Orc:2    | Offered knowledge of Starburst by Vehumet.
 27817 | Orc:2    | Reached skill level 13 in Conjurations
 28064 | Orc:2    | Found a roughly hewn altar of Beogh.
 28075 | Orc:2    | Found Hozoobli's Book Shoppe.
 28080 | Orc:2    | Bought a book of the Dragon for 1260 gold pieces
 28116 | Orc:2    | Found a roughly hewn altar of Beogh.
 28175 | Orc:2    | Found Maimares's Antique Armour Emporium.
 28183 | Orc:2    | Bought a runed scarf for 232 gold pieces
 28197 | Orc:2    | Found a roughly hewn altar of Beogh.
 28198 | Orc:2    | Found Wasip's Jewellery Emporium.
 28393 | Orc:2    | Found a bloodstained altar of Trog.
 28423 | Orc:2    | Found a roughly hewn altar of Beogh.
 28500 | Orc:2    | Found a staircase to the Elven Halls.
 28681 | Orc:2    | Found a roughly hewn altar of Beogh.
 28790 | Orc:2    | Noticed an orc warlord
 28803 | Orc:2    | Killed an orc warlord
 28803 | Orc:2    | Reached skill level 1 in Air Magic
 29082 | Orc:2    | Found Quceuloe's Antique Armour Boutique.
 29083 | Orc:2    | Found a roughly hewn altar of Beogh.
 29084 | Orc:2    | Found Socemoh's Antique Weapon Shop.
 29095 | Orc:2    | Acquired the ring of Huleg {rF+ MP+9 Dex+2}
 29510 | Shoals:1 | Entered Level 1 of the Shoals
 29876 | Shoals:1 | Reached XP level 15. HP: 92/92 MP: 4/31
 30162 | Shoals:1 | Found an iron altar of Okawaru.
 30277 | Shoals:1 | Reached skill level 10 in Fighting
 30315 | Shoals:2 | Noticed Ilsuiw
 30342 | Shoals:2 | HP: 2/138 [merfolk javelineer/silver javelin (8)]
 30344 | Shoals:2 | Hit by a javelin thrown by a merfolk javelineer

Illustrated notes

Levels and vault maps discovered:
D:1:      saegor_arrival_simple_b, layout_loops_cross
D:2:      kennysheep_big_flooded_room, layout_basic, lemuel_crystal_altar,
          marbit_many_paths
D:3:      layout_loops_cross
D:4:      layout_cave_pools, minmay_temple_entry_large_hall
D:5:      layout_basic, lemuel_round_altar, lightli_sewer_entry_pipes,
          nicolae_dithmenos_shadow_blocks
D:6:      layout_basic, kennysheep_small_square
D:7:      layout_loops_corners
D:8:      layout_cave_pools, grunt_temple_overflow_open, david_lair_shrubbed,
          hellmonk_ghost_happy_afterlife, unseen_surprise_small
D:9:      layout_irregular_city
D:10:     layout_long_grid
D:11:     layout_roguey, orc_0_dummy, uniq_nergalle
Temple:   bh_familiar_temple
Lair:1:   layout_roguey, grunt_megastairs_5
Lair:2:   layout_hall_layers, elwin_shoals_entry_stream, uniq_gastronok
Lair:3:   layout_long_grid, nicolae_spider_entry_orb_guardian
Lair:4:   layout_roguey, special_room [special_room_bee],
          chequers_serial_rivers_micro_b, chequers_serial_rivers_micro_b,
          st_stairs_12, serial_bayou_pond_b, serial_bayou_pond_a,
          columned_hall_lemuel, kennysheep_catoblepas_arena,
          serial_bayou_shore_b
Lair:5:   layout_cave_pods, bobbens_dragon_lair_wall, uniq_sonja
Lair:6:   hangedman_lair_caniforms_friends, layout_loops_ring, wormcave,
          nicolae_slime_entry_slimehenge, grunt_megastairs_1
Shoals:1: cheibrodos_shoals_baths, layout_shoals, lemuel_oklob_altar
Shoals:2: layout_shoals, uniq_ilsuiw, uniq_polyphemus
Orc:1:    layout_caves, basic_altar
Orc:2:    grunt_orc_community_town_hall, layout_diamond_mine,
          grunt_orc_community_big_house_2, grunt_orc_community_big_house_1,
          grunt_orc_community_house_3, grunt_orc_community_house_3,
          grunt_orc_community_house_3, grunt_orc_community_house_1,
          grunt_orc_community_house_2, grunt_orc_community_house_3,
          serial_shops, shop_fountains, abandoned_shop, trog_book

Skill      XL: |  1  2  3  4  5  6  7  8  9 10 11 12 13 14 15 |
---------------+----------------------------------------------+-----
Conjurations   | 5 6 7 8 9 10 11 12 13 | 13.3
Spellcasting   | 3 4 5 6 7 9 10 12 | 12.6
Fighting       | 3 5 7 8 9 10 | 10.1
Armour         | 2 5 6 7 |  7.6
Ice Magic      | 3 6 |  6.7
Hexes          | 3 5 6 |  6.1
Shields        | 5 |  5.5
Fire Magic     | 4 7 9 |  9.4
Earth Magic    | 4 |  4.6
Dodging        | 2 3 |  3.0
Air Magic      | 2 |  2.3
Stealth        | |  2.1

Action                   |  1- 3 |  4- 6 |  7- 9 | 10-12 | 13-15 || total
-------------------------+-------+-------+-------+-------+-------++-------
Melee: Whip              |     2 |     5 |       |       |       ||     7
       Dagger            |       |     1 |    12 |     8 |     4 ||    25
       Staff             |       |       |       |       |     3 ||     3
Throw: Dart              |       |       |       |     2 |       ||     2
 Cast: Magic Dart        |    83 |   109 |   110 |   144 |   260 ||   706
       Searing Ray       |     1 |    24 |    62 |   130 |   146 ||   363
       Fulminant Prism   |       |       |       |    25 |     8 ||    33
       Ensorcelled Hiber |       |       |       |     7 |     5 ||    12
       Frozen Ramparts   |       |       |       |    10 |    28 ||    38
       Dazzling Flash    |       |       |       |     1 |     1 ||     2
       Bolt of Magma     |       |       |       |       |   125 ||   125
       Orb of Destructio |       |       |       |       |    21 ||    21
       Iskenderun's Batt |       |       |       |       |    35 ||    35
       Lightning Bolt    |       |       |       |       |    40 ||    40
  Use: Scroll            |       |     8 |     6 |    11 |    20 ||    45
       Potion            |       |       |       |       |    13 ||    13
 Stab: Sleeping          |       |     1 |       |       |       ||     1
Armor: Robe              |     4 |    21 |    24 |    11 |       ||    60
       Leather armour    |       |       |    17 |       |       ||    17
       Troll leather arm |       |       |       |    97 |   151 ||   248
       Skin              |       |       |       |     3 |    62 ||    65
Dodge: Dodged            |     9 |    27 |    42 |   143 |   153 ||   374
       Repelled          |       |       |       |       |     6 ||     6
Block: Other             |       |       |     3 |    53 |       ||    56
       Reflection        |       |       |       |     1 |     1 ||     2
       Buckler           |       |       |       |    19 |   116 ||   135

Table legend: (Time is in decaauts)
 A = Elapsed time spent in this place.
 B = Non-inter-level travel time spent in this place.
 C = Inter-level travel time spent in this place.
 D = Time resting spent in this place.
 E = Time spent auto-exploring this place.
 F = Levels seen in this place.
 G = Mean time per level.
                   A        B        C        D        E       F      G
               +--------+--------+--------+--------+--------+-----+--------+
         Total |  30455 |  29208 |   1247 |  11980 |  12899 |  23 | 1324.1 |
       Dungeon |  14022 |  13319 |    703 |   4748 |   6803 |  11 | 1274.7 |
        Temple |    207 |    160 |     47 |      0 |    159 |   1 |  207.0 |
          Lair |  12478 |  12094 |    384 |   5950 |   4460 |   6 | 2079.7 |
        Shoals |    845 |    845 |      0 |    436 |    167 |   2 |  422.5 |
  Orcish Mines |   2273 |   2161 |    112 |    689 |    960 |   2 | 1136.5 |
         Sewer |    628 |    628 |      0 |    157 |    349 |   1 |  628.0 |
               +--------+--------+--------+--------+--------+-----+--------+

Top non-repeatable levels by time:
  Lair:6: 4963 daAuts
  Lair:4: 3166 daAuts
   Orc:2: 1833 daAuts
     D:8: 1743 daAuts
    D:10: 1658 daAuts
     D:9: 1495 daAuts
  Lair:1: 1464 daAuts
     D:4: 1448 daAuts
     D:3: 1437 daAuts
     D:7: 1363 daAuts
     D:2: 1267 daAuts
     D:1: 1236 daAuts
     D:6: 1227 daAuts
  Lair:2: 1207 daAuts
  Lair:5: 905 daAuts
